[Event "*** Titled Tuesday Blitz"]
[Site "Chess.com"]
[Date "2020.04.21"]
[Round "5"]
[White "Alexchess1984"]
[Black "WinningButNotReally"]
[Result "1-0"]
[WhiteElo "2573"]
[BlackElo "2406"]
[TimeControl "180+1"]
[EndTime "10:56:22 PDT"]
[Termination "Alexchess1984 won on time"]

1. e4 e5 2. Nf3 Nc6 3. d4 exd4 4. Nxd4 Nf6 5. Nxc6 bxc6 6. e5 Qe7 7. Qe2 Nd5 8.
h4 f6 9. c4 Ba6 10. Rh3 Nb6 11.
Nd2 fxe5 12. Re3 d6 13. Ra3 Bb7 14. Nb3 d5 15. Na5 O-O-O 16. Nxb7 Kxb7 17. cxd5 cxd5 18. Qa6+ Kb8 19. Qxa7+ Kc8 20. Bg5 Qb4+ 21. Rc3 Bc5 22. Rc1 Rdf8 23. Be3 d4 24. a3 Qxc3+ 25. bxc3 dxe3 26.
f3 Rd8 27. Ba6+ Kd7 28. Bb5+ Kc8 29. Qa6+ 1-0

[Event "*** Titled Tuesday Blitz"]
[Site "Chess.com"]
[Date "2020.04.21"]
[Round "5"]
[White "Shahinyan_ChessMood"]
[Black "GadimbayliA"]
[Result "1/2-1/2"]
[WhiteElo "2665"]
[BlackElo "2922"]
[TimeControl "180+1"]
[EndTime "10:56:23 PDT"]
[Termination "Game drawn by repetition"]

1. e4 e5 2. Nf3 d5 3. d3 dxe4 4. dxe4 Qxd1+ 5. Kxd1 f6 6. Be3 Nh6 7. h3 Be6 8. Nbd2 Nd7 9. Bc4 Kf7 10. Bxe6+ Kxe6 11. Bxh6 gxh6 12. Ke2 Bc5 13. Nh4 Rhg8 14. g4 Nf8 15.
Nb3 Bb6 16. Nc1 Ng6 17. Ng2 h5 18. f3 Nf4+ 19. Nxf4+ exf4 20. Nd3 Be3 21. Rad1 c6 22. c3 Rad8 23. Nf2 Rxd1 24. Nxd1 Bb6 25. Nf2 Be3 26. Nd1 Bb6 27. Nf2 Rg7 28. Rh2 Be3 29. gxh5 Rg1 30. Ng4 Bb6 31. Nh6 Rb1 32. Kd3 Rf1 33. Ke2 Rb1 34.
Kd3 Rd1+ 35. Ke2 Rb1 1/2-1/2

[Event "*** Titled Tuesday Blitz"]
[Site "Chess.com"]
[Date "2020.04.21"]
[Round "5"]
[White "Usurpov"]
[Black "Nikolakis2014"]
[Result "0-1"]
[WhiteElo "2442"]
[BlackElo "2692"]
[TimeControl "180+1"]
[EndTime "10:56:23 PDT"]
[Termination "Nikolakis2014 won by resignation"]

1. e4 c5 2. Nf3 Nc6 3. d4 cxd4 4. Nxd4 e5 5. Nb5 d6 6. c4 g6 7. Be3 a6 8. N5c3 Nf6 9. Be2 Be6 10. O-O Bg7 11.
Qd2 O-O 12. Rd1 Ne8 13. Nd5 Nd4 14. Nbc3 Nc7 15. Nxc7 Qxc7 16. b3 Rfe8 17. Rac1 Rac8 18. Bf1 Qd8 19. Ne2 Bg4 20. h3 Bxe2 21. Bxe2 Qh4 22.
f3 h6 23. Bf1 Kh7 24. Qf2 Qe7 25. Bd3 Ne6 26. Bb1 Nf4 27. Kh2 h5 28. g3 Ne6 29.
f4 exf4 30. gxf4 Nc5 31. Bxc5 Rxc5 32. Re1 b5 33. cxb5 Rxc1 34. Rxc1 axb5 35. Rd1 Qf6 36. Rf1 Rc8 37. Kh1 Rc3 38. Qg2 Qh4 39. Rf3 Rxf3 0-1

[Event "*** Titled Tuesday Blitz"]
[Site "Chess.com"]
[Date "2020.04.21"]
[Round "5"]
[White "Hikaru"]
[Black "Rud_Makarian"]
[Result "1-0"]
[WhiteElo "3227"]
[BlackElo "2644"]
[TimeControl "180+1"]
[EndTime "10:56:24 PDT"]
[Termination "Hikaru won by resignation"]

1. Nf3 g6 2. d4 Nf6 3. Nc3 Bg7 4. e4 d6 5. Bc4 O-O 6. Bb3 Nc6 7. h3 e5 8. dxe5 Nxe5 9. O-O Nfd7 10. Be3 Nc5 11.
Nxe5 Bxe5 12. Bd4 Be6 13. f4 Bxd4+ 14. Qxd4 Re8 15. f5 gxf5 16. exf5 Bxb3 17. axb3 Re5 18. Nd5 c6 19. Ne3 Re4 20. Qc3 Qg5 21. Ng4 Nd7 22. Rf3 Kf8 23. Rg3 Rae8 24. Nf2 Qf6 25. Nxe4 Rxe4 26.
Qxf6 Nxf6 27. Rxa7 Rb4 28. Ra8+ Ke7 29. Re3+ Re4 30.
Rxe4+ Nxe4 31. Ra7 1-0

[Event "*** Titled Tuesday Blitz"]
[Site "Chess.com"]
[Date "2020.04.21"]
[Round "5"]
[White "FeketeBarika"]
[Black "Shuvalov"]
[Result "1-0"]
[WhiteElo "2284"]
[BlackElo "2451"]
[TimeControl "180+1"]
[EndTime "10:56:25 PDT"]
[Termination "FeketeBarika won by checkmate"]

1. Nf3 d5 2. g3 Nf6 3. Bg2 Bf5 4. c4 e6 5. Qb3 Nc6 6. cxd5 exd5 7. Qxb7 Nb4 8. Nd4 Bc5 9. Qb5+ Nd7 10. Nxf5 Nc2+ 11.
Kd1 Nxa1 12. Nxg7+ Kf8 13. Nf5 Rb8 14. Qd3 Nf6 15.
b3 Ng4 16. Qc3 Nxf2+ 17. Ke1 Nc2+ 18. Qxc2 Bb6 19. Ba3+ Kg8 20. Rf1 h5 21. e3 Ne4 22.
Bxe4 dxe4 23. Qxe4 Qd7 24. Ne7+ Kg7 25. Qe5+ Kh7 26. Qxh5+ Kg7 27. Qg5+ Kf8 28. Ng6+ Ke8 29. Qe5+ Qe6 30. Qxh8+ Kd7 31. Qxb8 Qxg6 32. Nc3 Bxe3 33. dxe3 Qd3 34. Rxf7+ Ke6 35. Qe8# 1-0

[Event "*** Titled Tuesday Blitz"]
[Site "Chess.com"]
[Date "2020.04.21"]
[Round "5"]
[White "Sanyura"]
[Black "violetflower04"]
[Result "1-0"]
[WhiteElo "2424"]
[BlackElo "2237"]
[TimeControl "180+1"]
[EndTime "10:56:25 PDT"]
[Termination "Sanyura won by checkmate"]

1. e4 c5 2. Nf3 e6 3. d4 cxd4 4. Nxd4 Nf6 5. Nc3 Nc6 6. Ndb5 Bb4 7. a3 Bxc3+ 8. Nxc3 O-O 9. Bd3 d5 10. exd5 exd5 11.
O-O Bg4 12. f3 Bh5 13. b4 Ne5 14. Bg5 Qb6+ 15. Kh1 d4 16. Ne4 Nxe4 17. Bxe4 h6 18. Be7 Rfc8 19. Bc5 Rxc5 20. bxc5 Qxc5 21. Rb1 Nc4 22. Qd3 Re8 23. Rfd1 f5 24. Bxb7 Re3 25. Qf1 Nxa3 26. Ra1 Nxc2 27. Rac1 Rc3 28. Rd3 Bf7 29. Rxc3 Qxc3 30. Ba6 Bb3 31. Qd3 Qb2 32. Bc4+ Kh8 33. Re1 Bxc4 34. Re8+ Bg8 35. h3 Qb1+ 36. Kh2 Qb2 37.
Qc4 Kh7 38. Qxg8+ Kg6 39. Re6+ Kg5 40. Qxg7+ Kf4 41. Qg3# 1-0

[Event "*** Titled Tuesday Blitz"]
[Site "Chess.com"]
[Date "2020.04.21"]
[Round "5"]
[White "profofchess"]
[Black "checkmatequen"]
[Result "1-0"]
[WhiteElo "2382"]
[BlackElo "2232"]
[TimeControl "180+1"]
[EndTime "10:56:25 PDT"]
[Termination "profofchess won on time"]

1. e4 c5 2. Nf3 e6 3. c3 d5 4.
e5 d4 5. Bd3 Nc6 6. O-O Nge7 7.
Re1 Ng6 8. g3 Be7 9. h4 h6 10. Na3 O-O 11. b3 Re8 12. Bb2 a6 13. cxd4 cxd4 14. Nc2 Bc5 15. Qe2 b5 16. Rac1 Bb7 17.
Be4 Qb6 18. d3 Rad8 19. h5 Nf8 20. Rb1 Nd7 21. Bc1 a5 22. Bf4 b4 23. Qd2 f5 24. exf6 Nxf6 25. Bg6 Re7 26. Bxh6 gxh6 27.
Qxh6 Red7 28. Qg5 Bf8 29. Qxf6 1-0

[Event "*** Titled Tuesday Blitz"]
[Site "Chess.com"]
[Date "2020.04.21"]
[Round "5"]
[White "Natalya_Buksa"]
[Black "1f3_2g41-0"]
[Result "1-0"]
[WhiteElo "2476"]
[BlackElo "2179"]
[TimeControl "180+1"]
[EndTime "10:56:26 PDT"]
[Termination "Natalya_Buksa won on time"]

1. e4 c5 2. Nf3 d6 3. d4 cxd4 4. Nxd4 Nf6 5. Nc3 a6 6. Bd3 e5 7.
Nde2 Be7 8. O-O O-O 9. Ng3 Be6 10. Nd5 Nxd5 11. exd5 Bxd5 12. Bxh7+ Kxh7 13. Qxd5 Qd7 14. c4 Nc6 15. Be3 f5 16. f4 e4 17. Rad1 Nb4 18.
Qd2 Nd3 19. Qe2 g6 20. Rxd3 exd3 21. Qxd3 Bf6 22. b3 Rae8 23. Bf2 Re7 24. Rd1 Qc7 25. Ne2 Rfe8 26. Nc3 Bxc3 27. Qxc3 d5 28. Qh3+ Kg8 29. Qh6 Qc6 30. Rxd5 Qf6 31. h3 Rh7 32. Qg5 Qxg5 33. fxg5 Re2 34. Rd6 Rxa2 35. Rxg6+ Rg7 36. Rb6 a5 37. h4 Rd7 38. Be3 Rd3 39. Bf4 Rd4 40.
Rg6+ Kf7 41. Rf6+ Ke7 42. Rxf5 a4 43. bxa4 Rxa4 44. g6 Raxc4 45. Bg5+ Ke6 46. g7 1-0

[Event "*** Titled Tuesday Blitz"]
[Site "Chess.com"]
[Date "2020.04.21"]
[Round "5"]
[White "Sunnika"]
[Black "PauloCesarCosta_sad"]
[Result "0-1"]
[WhiteElo "2351"]
[BlackElo "2088"]
[TimeControl "180+1"]
[EndTime "10:56:26 PDT"]
[Termination "PauloCesarCosta_sad won by resignation"]

1. d4 d5 2. Nf3 c6 3. c4 e6 4. e3 Nf6 5. Nbd2 Nbd7 6. Bd3 Bd6 7. O-O O-O 8. e4 dxe4 9. Nxe4 Nxe4 10. Bxe4 Nf6 11. Bc2 h6 12. b3 b6 13. Bb2 Bb7 14. Qd3 Re8 15. Rad1 Qc7 16. Rfe1 Rad8 17. d5 e5 18.
dxc6 e4 19. Qc3 Bxc6 20. Nd4 Bxh2+ 21. Kh1 Bd7 22. g3 Qc5 23. Kxh2 Qh5+ 24. Kg1 Bg4 25. Rd2 Rxd4 26. Qxd4 Bf3 0-1

[Event "*** Titled Tuesday Blitz"]
[Site "Chess.com"]
[Date "2020.04.21"]
[Round "5"]
[White "Donseng"]
[Black "crazy_but_lazy"]
[Result "1-0"]
[WhiteElo "2529"]
[BlackElo "2372"]
[TimeControl "180+1"]
[EndTime "10:56:27 PDT"]
[Termination "Donseng won by checkmate"]

1. e4 c5 2. Nf3 d6 3. d4 cxd4 4.
Nxd4 Nf6 5. Nc3 a6 6. Be3 e5 7.
Nb3 Be6 8. h3 h5 9. Qf3 Nbd7 10.
O-O-O Rc8 11. Nd5 Bxd5 12. exd5 g6 13. Kb1 Bh6 14. g4 Bxe3 15. fxe3 e4 16. Qg2 Qe7 17. g5 Nh7 18. h4 O-O 19. Be2 Rfe8 20. Rhf1 Nhf8 21. Nd4 Qe5 22. Rf4 Nc5 23. Rdf1 Rc7 24. Rf6 Qxd5 25. Bxh5 gxh5 26. Nf5 Ng6 27. Nh6+ Kg7 28.
Nf5+ Kg8 29. Qe2 Na4 30. Rxd6 Qb5 31. Nh6+ Kh8 32. Qxb5 axb5 33. Nxf7+ Kg7 34. Nh6 Ne5 35. Rff6 Rf8 36. Nf5+ Kg8 37. Nh6+ Kg7 38. Nf5+ Kg8 39. Rxf8+ Kxf8 40. g6 Nc5 41. Rd8# 1-0

[Event "*** Titled Tuesday Blitz"]
[Site "Chess.com"]
[Date "2020.04.21"]
[Round "5"]
[White "djano"]
[Black "zurzan"]
[Result "1-0"]
[WhiteElo "2467"]
[BlackElo "2005"]
[TimeControl "180+1"]
[EndTime "10:56:27 PDT"]
[Termination "djano won on time"]

1. Nf3 d6 2. d4 g6 3. c4 Bg7 4. g3 f5 5. Bg2 Nf6 6. O-O O-O 7. b3 c6 8. Bb2 Na6 9. Nc3 Qc7 10. Rc1 e5 11. e3 e4 12. Ng5 h6 13. Nh3 g5 14. a3 Be6 15. d5 Bf7 16. b4 Bh5 17. Qb3 Qf7 18. Kh1 Qg6 19. f3 exf3 20. Bxf3 Bxf3+ 21. Rxf3 g4 22. Nf4 Qe8 23. Rff1 Qxe3 24. Rce1 Qb6 25. c5 dxc5 26. dxc6+ Kh7 27. b5 Nc7 28.
Qc2 Ng8 29. Nfd5 Nxd5 30. Rxf5 Rxf5 31. Nxd5 Kh8 32. Nxb6 Raf8 33. Nd7 Rf1+ 34. Rxf1 Rxf1+ 35. Kg2 Rf3 36. Bxg7+ Kxg7 37. cxb7 1-0

[Event "*** Titled Tuesday Blitz"]
[Site "Chess.com"]
[Date "2020.04.21"]
[Round "5"]
[White "PowerThinking2650"]
[Black "Olga_Girya"]
[Result "0-1"]
[WhiteElo "2275"]
[BlackElo "2468"]
[TimeControl "180+1"]
[EndTime "10:56:27 PDT"]
[Termination "Olga_Girya won on time"]

1. e4 c6 2. d4 d5 3. Nc3 dxe4 4. Nxe4 Bf5 5. Ng3 Bg6 6. h4 h6 7.
Nf3 Nd7 8. h5 Bh7 9. Bd3 Bxd3 10.
Qxd3 e6 11. Bf4 Qa5+ 12. Kf1 Ngf6 13. c4 Be7 14. Rh3 b5 15. c5 Rd8 16. Qc2 O-O 17. a3 b4 18. a4 b3 19. Qxb3 Nd5 20. Bd2 Qa6+ 21. Kg1 Rb8 22. Qc2 Nb4 23. Bxb4 Rxb4 24. Ne4 Rfb8 25. Ra2 Qc4 26. Qxc4 Rxc4 27. Nc3 Rcb4 28. Nd1 Bf6 29. Rg3 Bxd4 30. Nxd4 Rxd4 31.
Nc3 Nxc5 32. Re3 Rdb4 33. Re5 Nd3 34. Ra5 R8b7 35. Ne4 Rxb2 36. Rxb2 Nxb2 37. Nc5 Re7 38. Ra6 Rc7 0-1

[Event "*** Titled Tuesday Blitz"]
[Site "Chess.com"]
[Date "2020.04.21"]
[Round "5"]
[White "Grandmaster2B"]
[Black "TastyFrenchFries"]
[Result "1-0"]
[WhiteElo "2540"]
[BlackElo "2383"]
[TimeControl "180+1"]
[EndTime "10:56:28 PDT"]
[Termination "Grandmaster2B won by resignation"]

1. e4 e6 2. d4 d5 3. Nd2 Nf6 4. e5 Nfd7 5. Bd3 c5 6. c3 Nc6 7. Ne2 cxd4 8. cxd4 f6 9. exf6 Nxf6 10. Nf3 Bd6 11.
O-O Qc7 12. Nc3 a6 13. Bg5 O-O 14. Bh4 Bd7 15. Bg3 g6 16. Re1 Bxg3 17. hxg3 Ng4 18. Re2 Rf6 19. Qd2 Rxf3 20. gxf3 Nxd4 21. Kg2 Nh2 22.
Re3 Nhxf3 23. Rxf3 Nxf3 24. Kxf3 Rf8+ 25. Kg2 Bc6 26. f3 e5 27. Bc2 e4 28. fxe4 Qf7 29.
Qe2 d4 30. Bb3 dxc3 31. Bxf7+ Rxf7 32. bxc3 Re7 33. Qc4+ Kg7 34. Re1 h5 35. Kh2 Kh6 36. Qd4 Rd7 37. Qe3+ Kg7 38. e5 Re7 39. Qg5 Re6 40.
Rf1 Bb5 41. Rf6 Rxe5 1-0

[Event "*** Titled Tuesday Blitz"]
[Site "Chess.com"]
[Date "2020.04.21"]
[Round "5"]
[White "BjarkeSahl"]
[Black "ZeZacarias"]
[Result "0-1"]
[WhiteElo "2242"]
[BlackElo "2061"]
[TimeControl "180+1"]
[EndTime "10:56:28 PDT"]
[Termination "ZeZacarias won by resignation"]

1. d4 d5 2. c4 c6 3. Nc3 Nf6 4. Nf3 a6 5. e3 Bf5 6. Bd2 Nbd7 7.
Rc1 e6 8. Ne5 Nxe5 9. dxe5 Ne4 10.
Nxe4 Bxe4 11. f3 Bg6 12. Be2 f6 13. exf6 gxf6 14. O-O Bd6 15. Qb3 Qe7 16. a3 O-O 17. Bb4 Bxb4 18. Qxb4 Qxb4 19. axb4 dxc4 20. Bxc4 Bf7 21.
Rfd1 Rfd8 22. Kf2 e5 23. Ke2 Bxc4+ 24. Rxc4 Rxd1 25. Kxd1 Rd8+ 26. Kc2 Kf7 27. Rh4 Ke6 28. Rxh7 b5 29. h4 Rg8 30. g4 e4 31. fxe4 Rxg4 32. Kd3 Rg2 33. h5 Rxb2 34. h6 Rxb4 35. Rc7 Rb3+ 36.
Kd4 Rb4+ 37. Kd3 Rb3+ 38. Kd4 Rb4+ 39. Kc5 Rc4+ 40. Kb6 Rxe4 41. Rxc6+ Ke5 42. Ka5 Rxe3 43. h7 Rh3 44. Rc7 f5 45. Kxa6 b4 46. Ka5 b3 47.
Ka4 b2 48. Rb7 Rxh7 49. Rxb2 Rc7 50. Re2+ Kd4 0-1

[Event "*** Titled Tuesday Blitz"]
[Site "Chess.com"]
[Date "2020.04.21"]
[Round "5"]
[White "MFBerna"]
[Black "Kavyev_Ruslan"]
[Result "0-1"]
[WhiteElo "2366"]
[BlackElo "2588"]
[TimeControl "180+1"]
[EndTime "10:56:29 PDT"]
[Termination "Kavyev_Ruslan won by checkmate"]

1. e4 c5 2. Nf3 d6 3. d4 cxd4 4. Nxd4 Nf6 5. Nc3 a6 6. Be2 e5 7. Nb3 Be7 8. O-O O-O 9. f4 b5 10. a4 b4 11. Nd5 Nxd5 12. exd5 Nd7 13. a5 Bb7 14. Ra4 Nf6 15. fxe5 dxe5 16. Bg5 Nxd5 17. Bxe7 Qxe7 18. Qe1 Rac8 19. Bd3 f5 20. Bxf5 Rc4 21. Ra1 Nf4 22. Rxf4 Rxf4 23. Bh3 Qg5 24. Qg3 Qf6 25. Nd2 Rf2 26. Nf3 Rxc2 27. Qxe5 Bxf3 28. Qxf6 Rxf6 29. gxf3 Rxf3 30. Bg4 Rff2 31. Bh3 g6 32.
Rd1 Rxh2 33. Rd8+ Kg7 34. Be6 Rhe2 35. Bd5 Re1# 0-1

[Event "*** Titled Tuesday Blitz"]
[Site "Chess.com"]
[Date "2020.04.21"]
[Round "5"]
[White "Triumphmate"]
[Black "Eliwood44"]
[Result "1-0"]
[WhiteElo "2561"]
[BlackElo "2320"]
[TimeControl "180+1"]
[EndTime "10:56:30 PDT"]
[Termination "Triumphmate won by checkmate"]

1. e4 e5 2. Nf3 Nc6 3. Nc3 Nf6 4. Bb5 Bd6 5. d3 a6 6. Ba4 h6 7. h4 Nd4 8. Nxd4 exd4 9. Ne2 c5 10. Bb3 Bc7 11. Bf4 d6 12. Qd2 Be6 13. f3 d5 14.
O-O-O c4 15. Nxd4 cxb3 16. axb3 Rc8 17. Rhe1 O-O 18. Bxh6 gxh6 19. Qxh6 Nh7 20. g4 Qf6 21. Qxf6 Nxf6 22. e5 Nd7 23. f4 Bxg4 24. Rg1 f5 25. Nxf5 Rxf5 26. Rxg4+ Kh8 27. Rdg1 Rcf8 28. Rg7 Bb6 29.
R1g6 Be3+ 30. Kb1 Nc5 31. Rc7 Rh5 32. b4 Na4 33. Rxb7 Rxh4 34. Rxa6 Nxb2 35. Kxb2 Bxf4 36. e6 Be5+ 37. Kb3 Rh1 38. e7 Rb1+ 39. Ka4 Re8 40. Rd7 Kg8 41. Re6 Bc3 42. Rb7 Ra8+ 43. Kb5 Rxb4+ 44.
Kc6 Ra6+ 45. Kxd5 Rxe6 46. Kxe6 Rxb7 47. e8=Q+ Kh7 48. Qh5+ Kg8 49. Qg5+ Bg7 50. Qd5 Rb8 51. Kf5+ Kh8 52. Qh1+ Kg8 53. c4 Rf8+ 54. Kg5 Bf6+ 55. Kg6 Bg7 56. Qh7# 1-0

[Event "*** Titled Tuesday Blitz"]
[Site "Chess.com"]
[Date "2020.04.21"]
[Round "5"]
[White "EugeneRougon"]
[Black "lupta_robin"]
[Result "1-0"]
[WhiteElo "2710"]
[BlackElo "2532"]
[TimeControl "180+1"]
[EndTime "10:56:31 PDT"]
[Termination "EugeneRougon won on time"]

1. e4 g6 2. d4 Nf6 3. e5 Nh5 4.
Be2 d6 5. Nf3 Nc6 6. Ng5 h6 7.
Ne4 dxe5 8. d5 Nb4 9. Nbc3 Nf4 10. Bxf4 exf4 11. a3 Na6 12. Qd4 Rg8 13. O-O-O f5 14. Bb5+ Bd7 15. Bxa6 bxa6 16. Nc5 Bg7 17. Qc4 Rb8 18.
d6 e6 19. dxc7 Qxc7 20. Rxd7 Qb6 21. N3a4 Bxb2+ 22. Kd1 Qc6 23. Re1 Kf8 24. Rxe6 1-0

[Event "*** Titled Tuesday Blitz"]
[Site "Chess.com"]
[Date "2020.04.21"]
[Round "5"]
[White "tvjosue"]
[Black "DrMelekess"]
[Result "0-1"]
[WhiteElo "2527"]
[BlackElo "2707"]
[TimeControl "180+1"]
[EndTime "10:56:31 PDT"]
[Termination "DrMelekess won by resignation"]

1. d4 Nc6 2. Nf3 d6 3. c4 e5 4. Nc3 Nf6 5. d5 Ne7 6. g3 Ng6 7.
Bg2 Be7 8. O-O O-O 9. e4 a5 10.
h3 Nd7 11. Be3 b6 12. Ne1 Nc5 13. Qd2 h6 14. b3 Bg5 15. f4 exf4 16. gxf4 Bf6 17.
Nd3 Re8 18. Nxc5 bxc5 19. Rae1 Nh4 20. Nb5 a4 21. e5 dxe5 22. fxe5 Bxe5 23. Bxc5 axb3 24.
axb3 Bd7 25. Nd4 Nxg2 26. Qxg2 Ra5 27. Rxe5 Rxe5 28. Nf3 Re4 29. Bd4 f6 30. h4 Rg4 0-1

[Event "*** Titled Tuesday Blitz"]
[Site "Chess.com"]
[Date "2020.04.21"]
[Round "5"]
[White "Izoria123"]
[Black "IMAghasiyevKamal"]
[Result "1-0"]
[WhiteElo "2785"]
[BlackElo "2531"]
[TimeControl "180+1"]
[EndTime "10:56:31 PDT"]
[Termination "Izoria123 won by resignation"]

1. Nf3 Nf6 2. c4 e6 3. Nc3 d5 4. e3 Be7 5. b3 O-O 6. Bb2 b6 7.
cxd5 exd5 8. d4 Bg4 9. h3 Bxf3 10. Qxf3 Bb4 11. Bd3 Re8 12. O-O Bxc3 13. Bxc3 Ne4 14. Rfc1 c6 15. Rc2 Re6 16. Rac1 Nd7 17. Be1 c5 18. Qf5 Ndf6 19. dxc5 bxc5 20. Bxe4 Nxe4 21. f3 g6 22. Qf4 Nd6 23. Rxc5 Nf5 24. Bf2 Qe7 25.
Rc7 Qf6 26. g4 Nd6 27. Qxf6 Rxf6 28. Bg3 Re8 29. R1c6 Rxf3 30. Bxd6 Rfxe3 31. Rc8 Rxc8 32. Rxc8+ Kg7 33. g5 h6 34. h4 hxg5 35. hxg5 d4 36. Kf2 Re4 37. Kf3 Re3+ 38. Kf4 f6 39. Rc7+ 1-0

[Event "*** Titled Tuesday Blitz"]
[Site "Chess.com"]
[Date "2020.04.21"]
[Round "5"]
[White "SARGISMV"]
[Black "alex_zapata"]
[Result "1-0"]
[WhiteElo "2429"]
[BlackElo "2241"]
[TimeControl "180+1"]
[EndTime "10:56:31 PDT"]
[Termination "SARGISMV won by checkmate"]

1. Nf3 d5 2. c4 c6 3. e3 Nf6 4.
Nc3 e6 5. b3 Nbd7 6. Bb2 Bd6 7.
Qc2 O-O 8. Be2 Re8 9. g4 Nc5 10.
g5 Nfe4 11. h4 Nxc3 12. Qxc3 Bf8 13. d3 b5 14. h5 dxc4 15. bxc4 Na4 16. Qc2 Nxb2 17.
Qxb2 bxc4 18. dxc4 Qa5+ 19. Kf1 Ba6 20. h6 Rab8 21. Qe5 Qa4 22. Qe4 g6 23. Ne5 Rb2 24. Qf4 Re7 25. Rd1 Rb8 26. Nd7 Rc8 27. Nf6+ Kh8 28. Qe5 Bxc4 29. Nd5+ Kg8 30. Nxe7+ Bxe7 31. Qg7# 1-0

[Event "*** Titled Tuesday Blitz"]
[Site "Chess.com"]
[Date "2020.04.21"]
[Round "5"]
[White "Quattroporte300"]
[Black "GamayevOleg"]
[Result "0-1"]
[WhiteElo "2275"]
[BlackElo "2533"]
[TimeControl "180+1"]
[EndTime "10:56:32 PDT"]
[Termination "GamayevOleg won on time"]

1. e4 d6 2. d4 Nf6 3. Nc3 e5 4. Nf3 exd4 5. Nxd4 Be7 6. Bf4 O-O 7. Qd2 c6 8. O-O-O b5 9. f3 b4 10. Nb1 c5 11.
Nb5 Qa5 12. Bc4 Ba6 13. Qe2 Nbd7 14. Bxd6 Bxd6 15. Nxd6 Bxc4 16. Qxc4 Nb6 17. Qb5 Qxa2 18. Qxc5 Qxb2+ 19. Kxb2 Na4+ 20. Ka2 Nxc5 21. g4 Nfd7 22.
Rd5 a5 23. Rhd1 a4 24. R1d4 b3+ 25. cxb3 axb3+ 26. Kb2 Ra2+ 27. Kc1 Rc2+ 28. Kd1 Rxh2 29. Rd2 Rh1+ 30. Ke2 Rxb1 31. Nc4 h5 32. g5 h4 33. Kf2 Rc1 0-1

[Event "*** Titled Tuesday Blitz"]
[Site "Chess.com"]
[Date "2020.04.21"]
[Round "5"]
[White "woodhy"]
[Black "velemajstor767276"]
[Result "1-0"]
[WhiteElo "2286"]
[BlackElo "2501"]
[TimeControl "180+1"]
[EndTime "10:56:32 PDT"]
[Termination "woodhy won on time"]

1. e4 c5 2. Nf3 e6 3. d4 cxd4 4. Nxd4 a6 5. c4 Nf6 6. Nc3 Bb4 7. Bd3 Qc7 8. Ne2 Nc6 9. a3 Be7 10. b4 Ne5 11. Bf4 Nh5 12. O-O Nxf4 13. Nxf4 Nxd3 14. Nxd3 Qxc4 15. Rc1 Qd4 16. Qf3 d6 17. Rfd1 O-O 18. Ne2 Qb6 19. e5 d5 20. Nef4 Bd7 21. Nc5 Bc6 22.
Nh5 Kh8 23. Rd4 Qd8 24. Rg4 g6 25. Nf6 Bxf6 26. exf6 d4 27. Qf4 d3 28. Rh4 Qd5 29. f3 g5 30. Qg4 d2 31. Rd1 Rad8 32. Rxh7+ Kxh7 33. Qh5+ Kg8 34. Qh6 Qd4+ 35. Kh1 Qxf6 36. Qxf6 Rd5 37. Rxd2 Rfd8 38. Qxd8+ Rxd8 39. Rxd8+ Kg7 40. Rd6 1-0

[Event "*** Titled Tuesday Blitz"]
[Site "Chess.com"]
[Date "2020.04.21"]
[Round "5"]
[White "ChessQueen"]
[Black "fancyknightmaneuvers"]
[Result "1-0"]
[WhiteElo "2761"]
[BlackElo "2604"]
[TimeControl "180+1"]
[EndTime "10:56:33 PDT"]
[Termination "ChessQueen won on time"]

1. Nf3 d5 2. g3 g6 3. Bg2 Bg7 4. d4 Nf6 5. O-O O-O 6. c4 c6 7. Qb3 dxc4 8. Qxc4 Nbd7 9. Nc3 Nb6 10. Qd3 Nfd5 11. e4 Nxc3 12. bxc3 Be6 13. Rd1 Qd7 14. h4 Rfd8 15. Bg5 h6 16. Bf4 Nc4 17. Rab1 b5 18. Nd2 Na3 19. Rb2 Rac8 20. Nb3 Nc4 21. Re2 Qe8 22.
Nc5 Bd7 23. e5 Bf5 24. Be4 Bxe4 25. Qxe4 Rd5 26. Kg2 Rcd8 27. Rh1 e6 28. h5 g5 29. Bxg5 hxg5 30. h6 Bh8 31. h7+ Kf8 32. Rh5 Nxe5 33.
dxe5 Rxc5 34. Rxg5 Ke7 35. Rg8 Qd7 36. Qh4+ f6 37. Rxh8 Rxh8 38. Qxf6+ Ke8 39. Qxh8+ 1-0

[Event "*** Titled Tuesday Blitz"]
[Site "Chess.com"]
[Date "2020.04.21"]
[Round "5"]
[White "Alopekos"]
[Black "lestri"]
[Result "0-1"]
[WhiteElo "2380"]
[BlackElo "2537"]
[TimeControl "180+1"]
[EndTime "10:56:33 PDT"]
[Termination "lestri won on time"]

1. e4 d6 2. d4 Nf6 3. Nc3 e5 4. Nf3 Nbd7 5. Bc4 Be7 6. O-O O-O 7. a4 a5 8. Qe2 c6 9. Rd1 exd4 10. Nxd4 Re8 11.
Bxf7+ Kxf7 12. Ne6 Kxe6 13. Qc4+ d5 14. exd5+ Kf7 15.
d6+ Kf8 16. Bf4 Nb6 17. Qc5 Nfd7 18. Qf5+ Bf6 19. Qxh7 Ne5 20. Ne4 Nf7 21. d7 Bxd7 22. Nd6 Nxd6 23. Bxd6+ Kf7 24. Bc5 Nd5 25. c4 Nc7 0-1

[Event "*** Titled Tuesday Blitz"]
[Site "Chess.com"]
[Date "2020.04.21"]
[Round "5"]
[White "SmirnovAlexandrA"]
[Black "Mfcyryd"]
[Result "0-1"]
[WhiteElo "2373"]
[BlackElo "2535"]
[TimeControl "180+1"]
[EndTime "10:56:33 PDT"]
[Termination "Mfcyryd won by resignation"]

1. e4 c6 2. d4 d5 3. e5 Bf5 4. Nf3 e6 5. Be2 h6 6. O-O Ne7 7. Nbd2 Nd7 8. c3 g5 9. a4 Ng6 10. a5 Nf4 11. b4 h5 12. Nb3 Nxe2+ 13. Qxe2 g4 14. Ne1 h4 15. Nd3 Bh6 16. Ndc5 Nxc5 17.
Nxc5 Rb8 18. a6 b6 19. Nb7 Qd7 20. Nd6+ Ke7 21. Bxh6 Rxh6 22. Nxf5+ exf5 23. f4 h3 24. g3 Ke6 25. Rfb1 Rhh8 26. Kf2 Rhd8 27. Ke3 Qc7 28. Rb2 c5 29. bxc5 bxc5 30. Rab1 cxd4+ 31. cxd4 Qc3+ 32. Kf2 Qxd4+ 33. Kf1 Rxb2 34. Qxb2 Qd3+ 35. Ke1 Qxa6 36. Ra1 Qb6 37. Qc3 Qg1+ 38. Kd2 Qxh2+ 39. Kc1 Qg1+ 40. Kc2 Qf2+ 41. Kc1 Qb6 42. Rxa7 h2 0-1

[Event "*** Titled Tuesday Blitz"]
[Site "Chess.com"]
[Date "2020.04.21"]
[Round "5"]
[White "Richarzard69"]
[Black "Oglob71"]
[Result "1-0"]
[WhiteElo "2265"]
[BlackElo "2441"]
[TimeControl "180+1"]
[EndTime "10:56:33 PDT"]
[Termination "Richarzard69 won by checkmate"]

1. Nf3 c5 2. c4 Nf6 3. Nc3 e6 4. g3 b6 5. Bg2 Bb7 6. O-O d6 7. d4 cxd4 8. Qxd4 a6 9. Rd1 Nbd7 10. b3 Qc7 11. Ba3 Nc5 12. Rac1 Rd8 13. h3 Be7 14. Qf4 O-O 15. b4 Ncd7 16. c5 bxc5 17. bxc5 Nxc5 18. Na4 Qa5 19. Bxc5 dxc5 20. Ne5 Nd5 21. Qc4 Ba8 22. Nxc5 Bxc5 23. Qxc5 Qxa2 24. Bf3 Nf6 25. Rxd8 Rxd8 26. Qe7 Qd2 27. Qxf7+ Kh8 28. Rc7 Rg8 29. Bxa8 Qd1+ 30. Kg2 Qxe2 31. Qxe6 Re8 32. Nf7+ Kg8 33. Nh6+ Kh8 34. Qg8+ Nxg8 35. Nf7# 1-0

[Event "*** Titled Tuesday Blitz"]
[Site "Chess.com"]
[Date "2020.04.21"]
[Round "5"]
[White "ClockworkKubrick"]
[Black "ama18"]
[Result "0-1"]
[WhiteElo "2175"]
[BlackElo "2474"]
[TimeControl "180+1"]
[EndTime "10:56:34 PDT"]
[Termination "ama18 won by checkmate"]

1. e4 c5 2. Nf3 d6 3. Nc3 Nf6 4. Bb5+ Bd7 5. O-O a6 6. Bxd7+ Qxd7 7. d3 g6 8. h3 Bg7 9. Nh2 O-O 10. f4 Nc6 11. Be3 b5 12. Qd2 Nd4 13. Rf2 b4 14. Nd1 Qb7 15. c3 Nc6 16. f5 Ne5 17. Bg5 c4 18. d4 Nxe4 19. Qe3 Nxf2 20. Nxf2 Nc6 21. Bh6 bxc3 22. bxc3 Qb2 23. Rf1 Bxh6 24. Qxh6 Qxc3 25. Nf3 Nxd4 26. Ng5 Ne2+ 27. Kh2 Qe5+ 28.
Kh1 Ng3+ 29. Kg1 Qg7 30. Qxg7+ Kxg7 31. Re1 Nxf5 32. g4 Nd4 33. Kg2 e5 34. Nfe4 f6 35. Nf3 Nxf3 36. Kxf3 d5 37. Nc5 Kf7 38. Rd1 Rfd8 39.
a4 a5 40. g5 Rab8 41. gxf6 Kxf6 42. Kg4 d4 43. h4 c3 44. Rf1+ Ke7 45. Kg5 c2 46.
Nd3 e4 47. Ne5 Rd5 48. Kf4 Rf8+ 49. Kxe4 Rxe5+ 50. Kxd4 Rxf1 51. h5 c1=Q 52. h6 Qe3+ 53. Kc4 Rc1# 0-1